 Dungeon Crawl Stone Soup version 0.31-a0-1626-g5cb510d322 (webtiles) character file.

Game seed: 6779393750029889847

590 Laraso the Magician (level 7, 50/50 HPs)
             Began as a Yellow Draconian Fire Elementalist on Jan 12, 2024.
             Was an Initiate of Sif Muna.
             Quit the game on level 5 of the Dungeon.
             The game lasted 00:06:33 (5070 turns).

Laraso the Magician (DrFE)                          Turns: 5070, Time: 00:06:33

Health: 50/50      AC:  8    Str:  7    XL:     7   Next: 16%
Magic:  14/26      EV: 12    Int: 17    God:    Sif Muna [......]
Gold:   242        SH:  0    Dex: 12    Spells: 7/20 levels left

rFire   + . .        e - +7 spear of Akifyud {freeze, rF+ Will+ Str-3}
rCold   . . .        (no shield)
rNeg    . . .        (body armour unavailable)
rPois   .            (helmet restricted)
rElec   .            f - +0 cloak
rCorr   +            (no gloves)
SInv    .            q - +0 pair of boots
Will    +....        (no amulet)
Stlth   ++           l - ring of wizardry
HPRegen 0.28/turn    j - ring of magical power
MPRegen 0.20/turn

%: wizardry (x1)
@: no status effects
A: spit acid, AC +6, unfitting armour, cold-blooded, acid resistance
a: Breathe Acid, Renounce Religion


You were on level 5 of the Dungeon.
You worshipped Sif Muna.
Sif Muna was noncommittal.
You visited 2 branches of the dungeon, and saw 6 of its levels.

You collected 322 gold pieces.
You spent 80 gold pieces at shops.

Inventory:

Hand Weapons
 e - the +7 spear of Akifyud (weapon) {freeze, rF+ Will+ Str-3}
   (You found it on level 3 of the Dungeon)

   Str-3:     It affects your strength (-3).
   rF+:       It protects you from fire.
   Will+:     It increases your willpower.
Missiles
 b - 2 curare-tipped darts
 h - 5 atropa-tipped darts
Armour
 f - a +0 cloak (worn)
 q - a +0 pair of boots (worn)
Jewellery
 j - a ring of magical power (right hand)
 l - a ring of wizardry (left hand)
 m - a +6 ring of dexterity
Wands
 n - a wand of charming (7)
 p - a wand of iceblast (4)
Scrolls
 d - 2 scrolls of teleportation
 r - 2 scrolls of identify
Potions
 a - a potion of magic
 c - 2 potions of mutation
 g - 3 potions of haste
 i - a potion of curing
 k - a potion of might


   Skills:
 - Level 1.7 Dodging
 - Level 1.7 Stealth
 * Level 7.3 Spellcasting
 - Level 1.0 Conjurations
 - Level 3.0 Fire Magic


You had 7 spell levels left.
You knew the following spells:

 Your Spells              Type           Power      Damage    Failure   Level
a - Foxfire               Conj/Fire      52%        2x1d6     1%          1
b - Scorch                Fire           32%        2d6       1%          2
c - Volatile Blastmotes   Fire/Tloc      22%        2d11      8%          3
e - Inner Flame           Hex/Fire       11%        N/A       8%          3
v - Flame Wave            Conj/Fire      13%        2d6       19%         4

Your spell library contained the following spells:

 Spells                   Type           Power      Damage    Failure   Level
 Mercury Vapours          Alch/Air       12%        N/A       7%          2
 Mephitic Cloud           Conj/Alch/Air  7%         N/A       12%         3
 Freezing Cloud           Conj/Ice/Air   3%         6-21      69%         5


Dungeon Overview and Level Annotations

Branches:
Dungeon (5/15)             Temple (1/1) D:4

Altars:
Dithmenos
Fedhas
Gozag
Hepliaklqana
Makhleb
Sif Muna
Trog
Uskayaw
Xom
Yredelemnul
Zin
The Shining One

Shops:
D:5 ?


Innate Abilities, Weirdness & Mutations

You can spit globs of acid.
Your golden yellow scales are hard. (AC +6)
You cannot fit into any form of body armour.
You are cold-blooded and may be slowed by cold attacks.
You are resistant to acid. (rCorr)


Message History

No target in view!
HP restored.
r - a scroll of identify You open the door.
Found Qeicza's Magic Scroll Shoppe.
There is an open door here.
There is an entrance to Qeicza's Magic Scroll Shoppe here.
r - 2 scrolls of identify (gained 1);
r - 3 scrolls of identify (gained 1)
r - 4 scrolls of identify (gained 1);
r - 5 scrolls of identify (gained 1) Thank you for shopping at Qeicza's Magic Scroll Shoppe!
As you read the scroll of identify, it crumbles to dust.
i - a potion of curing
As you read the scroll of identify, it crumbles to dust.
k - a potion of might
As you read the scroll of identify, it crumbles to dust.
o - a potion of degeneration You drop a potion of degeneration.
There is an open door here.
An ice beast comes into view.
Okay, then.
Flames lash the ice beast.
The ice beast melts!
The ice beast is moderately wounded.
The ice beast's fire resistance burns away.
Flames lash the ice beast.
The ice beast melts!
The ice beast is severely wounded.
Flames lash the ice beast.
The ice beast melts!
The ice beast is almost dead.
The ice beast hits you but does no damage.
Flames lash the ice beast but do no damage.
The ice beast misses you.
Flames lash the ice beast but do no damage.
The ice beast closely misses you.
Flames lash the ice beast.
The ice beast melts!
You kill the ice beast!
Sif Muna accepts your kill.
You have reached level 7!
Your scales start taking on a golden yellow colour.
You can spit globs of acid.
You feel resistant to acid.
Are you sure you want to abandon this character and quit the game? (Confirm with "yes".)

#.# ... #.#####
... #.....# ...
#####.# #.# #.#
#.# #.# #.#
#####.# #.#
##...#.#
#@#####...รท..###
#..............#
#######........#
##...#...###
##.........
#.........
#.........
#.##...###
#....>....


There were no monsters in sight!

Vanquished Creatures
  An ice beast (D:5)
  A scorpion (D:5)
  A bombardier beetle (D:4)
  2 hounds
  3 orc priests
  An iguana (D:5)
  A sleepcap (D:4)
  3 orc wizards
  4 adders
  2 dart slugs
  2 ribbon worms
  13 orcs
  3 endoplasms
  3 giant cockroaches
  4 hobgoblins
  5 quokkas
  3 ball pythons
  8 bats
  3 frilled lizards
  6 goblins
  9 kobolds
  5 rats
83 creatures vanquished.

Vanquished Creatures (others)
  40 foxfires
40 creatures vanquished.

Grand Total: 123 creatures vanquished

Notes
Turn   | Place    | Note
-------+----------+-------------------------------------------
     0 | D:1      | Laraso the Draconian Fire Elementalist began the quest for
                  | the Orb.
     0 | D:1      | Reached XP level 1. HP: 14/14 MP: 3/3
     3 | D:1      | Upgraded the game from 0.31-a0-1620-gcbf77bbcfc to
                  | 0.31-a0-1626-g5cb510d322
   274 | D:1      | Reached XP level 2. HP: 20/20 MP: 5/5
   592 | D:1      | Learned a level 2 spell: Scorch
   596 | D:1      | Reached skill level 3 in Spellcasting
   644 | D:1      | Found a faded altar of an unknown god.
   883 | D:1      | Found Zohiw's Magic Scroll Shop.
  1410 | D:2      | Reached XP level 3. HP: 26/26 MP: 2/7
  1583 | D:2      | Reached skill level 4 in Spellcasting
  1583 | D:2      | Reached XP level 4. HP: 33/33 MP: 2/10
  2178 | D:3      | Identified the +7 spear of Akifyud {freeze, rF+ Will+
                  | Str-3}
  2780 | D:3      | Reached XP level 5. HP: 22/38 MP: 6/12
  3104 | D:3      | Reached skill level 5 in Spellcasting
  3659 | D:4      | Found a staircase to the Ecumenical Temple.
  3727 | Temple   | Entered the Ecumenical Temple
  3735 | Temple   | Became a worshipper of Sif Muna the Loreminder
  3833 | D:4      | Reached XP level 6. HP: 45/45 MP: 14/14
  3842 | D:4      | Reached skill level 6 in Spellcasting
  3979 | D:4      | Learned a level 3 spell: Volatile Blastmotes
  3984 | D:4      | Learned a level 4 spell: Flame Wave
  3988 | D:4      | Learned a level 3 spell: Inner Flame
  4671 | D:5      | Entered Level 5 of the Dungeon
  4932 | D:5      | Reached skill level 7 in Spellcasting
  5024 | D:5      | Found Qeicza's Magic Scroll Shoppe.
  5027 | D:5      | Bought a scroll of identify for 20 gold pieces
  5027 | D:5      | Bought a scroll of identify for 20 gold pieces
  5027 | D:5      | Bought a scroll of identify for 20 gold pieces
  5027 | D:5      | Bought a scroll of identify for 20 gold pieces
  5062 | D:5      | Noticed an ice beast
  5069 | D:5      | Killed an ice beast
  5070 | D:5      | Your scales start taking on a golden yellow colour.
  5070 | D:5      | Reached XP level 7. HP: 50/50 MP: 14/17
  5070 | D:5      | Gained mutation: You are resistant to acid. (rCorr) [Yellow
                  | Draconian growth]
  5070 | D:5      | Quit the game

Illustrated notes

Levels and vault maps discovered:
D:1:      dpeg_arrival_boxorama, layout_basic, ebering_ecumenical_altar_ruins,
          serial_shops, shop
D:2:      layout_loops_ring
D:3:      layout_loops_corners, columned_hall_lemuel
D:4:      layout_gridville, temple_pool_b
D:5:      layout_loops_ring, serial_shops, kennysheep_mini
Temple:   nicolae_temple_no_exploring_needed

Skill      XL: |  1  2  3  4  5  6 |
---------------+-------------------+-----
Spellcasting   | 3 4 5 7 |  7.3
Dodging        | |  1.7
Stealth        | |  1.7
Conjurations   | |  1.0
Fire Magic     | |  3.0

Action                     |  1- 3 |  4- 6 |  7- 9 || total
---------------------------+-------+-------+-------++-------
  Melee: Staff             |    13 |       |       ||    13
         Unarmed           |    11 |       |       ||    11
         Tailslap          |     5 |     3 |       ||     8
         Whip              |     3 |     6 |       ||     9
         Spear             |       |    18 |       ||    18
   Cast: Foxfire           |    16 |     8 |       ||    24
         Scorch            |    19 |    84 |       ||   103
         Flame Wave        |       |     1 |       ||     1
  Evoke: Wand              |       |     1 |       ||     1
    Use: Scroll            |     3 |     6 |       ||     9
   Stab: Sleeping          |     2 |       |       ||     2
 Armour: Skin              |    24 |    30 |       ||    54
  Dodge: Dodged            |     9 |    21 |       ||    30

Table legend: (Time is in decaauts)
 A = Elapsed time spent in this place.
 B = Non-inter-level travel time spent in this place.
 C = Inter-level travel time spent in this place.
 D = Time resting spent in this place.
 E = Time spent auto-exploring this place.
 F = Levels seen in this place.
 G = Mean time per level.
                   A        B        C        D        E       F      G
               +--------+--------+--------+--------+--------+-----+--------+
         Total |   5075 |   4799 |    276 |    594 |   3580 |   6 |  845.8 |
       Dungeon |   5058 |   4790 |    268 |    594 |   3580 |   5 | 1011.6 |
        Temple |     16 |      8 |      8 |      0 |      0 |   1 |   16.0 |
               +--------+--------+--------+--------+--------+-----+--------+

Top non-repeatable levels by time:
     D:3: 1398 daAuts
     D:4: 1158 daAuts
     D:1: 1129 daAuts
     D:2: 972 daAuts
     D:5: 400 daAuts
  Temple: 16 daAuts
